AoeStats
← Mclovin

Nomad

510215809Analyzed
2v2 RM · 20h ago on Sep 30, 2026· 56m 4s· 4 players
Game mode
Random Map
Map size
176×176
Population
200
Speed
Normal
Resources
Standard
Victory
Conquest
Starting age
Dark Age
Ending age
Imperial Age
RankedLock teamsTeams togetherTeam positionsShared explorationLock speedFull tech treeHidden civsTurbo modeCheats
Victory
Defeat
🇵🇪 Britons · Peru
1091
+9
🇵🇪 Bohemians · Peru
826
+19
🇦🇺 Saxons · Australia
941
-15
🇨🇱 Vikings · Chile
901
-13
Mclovin
4:36 Loom
15:03 Feudal Age
21:31 Castle Age
20:09 Forging
19:55 Arson
20:06 Fletching
20:17 Scale Mail Armor
20:53 Gold Mining
21:49 Double-Bit Axe
22:10 Town Watch
24:01 Bodkin Arrow
24:42 Iron Casting
25:08 Masonry
25:53 Gold Shaft Mining
26:08 Chain Mail Armor
26:51 Murder Holes
27:17 Ballistics
33:52 Elite Skirmisher
40:00 Imperial Age
alexdam.rodriguez
15:26 Feudal Age
16:10 Horse Collar
16:44 Double-Bit Axe
22:29 Castle Age
21:31 Fletching
21:42 Padded Archer Armor
22:34 Crossbowman
23:24 Heavy Plow
23:54 Bodkin Arrow
26:34 Leather Archer Armor
31:14 Scale Mail Armor
31:24 Forging
36:50 Imperial Age
37:36 Capped Ram
40:08 Siege Ram
43:25 Iron Casting
48:37 Blast Furnace
51:40 Chain Mail Armor
hispa_will
4:03 Loom
16:03 Feudal Age
23:18 Castle Age
21:34 Double-Bit Axe
24:48 Fletching
28:19 Bodkin Arrow
28:23 Crossbowman
31:01 Yeomen
34:38 Ballistics
37:34 Padded Archer Armor
46:02 Imperial Age
46:50 Bracer
46:13 Arbalester
46:20 Arbalester
48:06 Chemistry
48:03 Capped Ram
HISPA_Jiubey
8:08 Loom
14:52 Feudal Age
15:21 Double-Bit Axe
15:48 Horse Collar
21:58 Castle Age
22:48 Wheelbarrow
24:02 Husbandry
24:09 Heavy Plow
24:32 Town Watch
26:58 Forging
28:34 Scale Barding Armor
33:52 Hand Cart
35:18 Chain Barding Armor
37:38 Iron Casting
42:40 Imperial Age
40:41 Fervor
40:53 Sanctity
49:57 Imperial Age
50:01 Redemption
54:15 Chemistry
53:17 Cavalier
Connection lost

Rejoining the realm…

Still unreachable

The connection could not be restored.

Session expired

The server has moved on; the page needs a fresh start.